 Dungeon Crawl Stone Soup version 0.18.1-47-g9310371 (webtiles) character file.

1 juanjsm the Insei (level 1, -1/13 HPs)
             Began as an Octopode Transmuter on June 21, 2016.
             Slain by an ooze (2 damage)
             ... on level 1 of the Dungeon.
             The game lasted 00:00:53 (202 turns).

juanjsm the Insei (Octopode Transmuter)              Turns: 202, Time: 00:00:56

Health: -1/13      AC:  1    Str:  9    XL:     1   Next: 20%
Magic:  2/3        EV: 12    Int: 15    God:
Gold:   12         SH:  0    Dex: 12    Spells: 1 memorised, 3 levels left

rFire  . . .     SeeInvis +       - Unarmed
rCold  . . .     Gourm    .     (no shield)
rNeg   . . .     Faith    .     (helmet restricted)
rPois  .         Spirit   .     (no amulet)
rElec  .         Dismiss  .     g - ring of see invisible
rCorr  .         Reflect  .     (no ring)
SustAt .         Harm     .     (no ring)
MR     .....                    (no ring)
Stlth  ++........               (no ring)
                                (no ring)
                                (no ring)
                                (no ring)

@: appendage (expiring), not resistant to hostile enchantments, unstealthy
A: almost no armour, amphibious, 8 rings, constrict 8, tentacle spike 3,
camouflage 1, gelatinous body 1
a: End Transformation


You were on level 1 of the Dungeon.
You were not hungry.
One of your tentacles had a temporary spike.
You visited 1 branch of the dungeon, and saw 2 of its levels.

You collected 12 gold pieces.

Inventory:

Missiles
 a - 12 arrows
 f - 15 poisoned needles
Jewellery
 g - a ring of see invisible (left tentacle)
Scrolls
 e - a scroll of teleportation {unknown}
 h - 2 scrolls of recharging {unknown}
Books
 b - a book of Changes

   Spells                             Type                      Level
   a - Beastly Appendage              Transmutation                1
   b - Sticks to Snakes               Transmutation                2
   c - Spider Form                    Transmutation/Poison         3
   d - Ice Form                       Ice/Transmutation            4
   e - Blade Hands                    Transmutation                5
Comestibles
 c - a bread ration
 d - 2 fruits


   Skills:
 + Level 1.0 Fighting
 + Level 2.0 Dodging
 + Level 3.0 Unarmed Combat
 + Level 2.0 Spellcasting
 + Level 2.0 Transmutations


You had 3 spell levels left.
You knew the following spells:

 Your Spells              Type           Power        Failure   Level  Hunger
a - Beastly Appendage     Trmt           #.....       12%         1    #......


Dungeon Overview and Level Annotations

Branches:
Dungeon (2/15)

Altars:


Innate Abilities, Weirdness & Mutations

You cannot wear most types of armour.
You are amphibious.
You can wear up to eight rings at the same time.
You can use your tentacles to constrict eight enemies at once.
Your skin changes colour to match your surroundings (Stealth).
Your rubbery body absorbs attacks (AC +1).
One of your tentacles bears a large vicious spike.


Message History

The goblin hits you with a dagger. The ooze hits you.
You barely miss the ooze.
You pierce the ooze.
The ooze is heavily wounded.
The ooze barely misses you. The goblin hits you with a dagger.
* * * LOW HITPOINT WARNING * * *
You closely miss the goblin. Your grab misses the goblin.
You squeeze the goblin.
The goblin is heavily wounded.
The goblin closely misses you. The ooze closely misses you.
You tentacle-slap the ooze.
The ooze is severely wounded.
The goblin hits you but does no damage. The ooze closely misses you.
You tentacle-slap the goblin but do no damage.
Your grab misses the goblin.
Your tentacle spike misses the goblin.
You tentacle-slap the goblin.
The goblin is severely wounded.
The goblin hits you with a dagger.
* * * LOW HITPOINT WARNING * * *
The ooze hits you.
You die...

...#########
..(........... #.#
...#########.. #.#
......#### #.. #.#
.........###..##.#
..>..............######
#.....................#.
.................g......
......###. #....@J......
...##### #.#.####.#...
.......# #.#.#
#......#####.#.###...
.......'.........)#
.......#######.##.#
.......## #.# #
........######.#
............##.#


You could see an ooze and a goblin.

Vanquished Creatures
  A hobgoblin (D:1)
1 creature vanquished.

Notes
Turn   | Place    | Note
--------------------------------------------------------------
     0 | D:1      | juanjsm the Octopode Transmuter began the quest for the Orb.
     0 | D:1      | Reached XP level 1. HP: 13/13 MP: 3/3
   202 | D:1      | Slain by an ooze

Action                   || total
-------------------------++-------
Melee: Unarmed           ||     8
       Tentacles         ||     4
       Constrict         ||     1
       Kick              ||     1
       Punch             ||     1
 Cast: Beastly Appendage ||     2
Dodge: Dodged            ||     5
